 Dungeon Crawl Stone Soup version 0.21.1-1-g345015f (webtiles) character file.

640 letownia2 the Charmwright (level 7, -11/56 HPs)
             Began as a Gnoll Skald on Feb 27, 2018.
             Was a Believer of Cheibriados.
             Mangled by a wight
             ... wielding a +0 halberd
              (12 damage)
             ... on level 6 of the Dungeon.
             The game lasted 00:08:41 (1028 turns).

letownia2 the Charmwright (Gnoll Skald)             Turns: 1028, Time: 00:08:42

Health: -11/56     AC:  8    Str: 19    XL:     7   Next: 51%
Magic:  2/15       EV: 13    Int: 22    God:    Cheibriados [**....]
Gold:   86         SH:  0    Dex: 19    Spells: 6/17 levels left

rFire    + . .     SeeInvis .   b - +2 dire flail (holy)
rCold    + . .     Gourm    .   (shield currently unavailable)
rNeg     . . .     Faith    .   o - +2 scale mail {MR+}
rPois    .         Spirit   .   (no helmet)
rElec    .         Reflect  .   e - scarf {rC+ rF+}
rCorr    .         Harm     .   (no gloves)
MR       +....                  (no boots)
Stlth    ..........             (no amulet)
HPRegen  0.18/turn              i - ring of loudness (curse)
MPRegen  0.14/turn              (no ring)

@: about to teleport, singing, very slightly contaminated, drained, very slow
A: distributed training, fangs 1, strong nose
a: Bend Time, Renounce Religion


You were on level 6 of the Dungeon.
You worshipped Cheibriados.
Cheibriados was pleased with you.
You were not hungry.

You visited 1 branch of the dungeon, and saw 6 of its levels.

You collected 86 gold pieces.

Inventory:

Hand Weapons
 a - a +0 spear
 b - a +2 dire flail of holy wrath (weapon)
 c - a +0 blowgun
 g - a +0 hunting sling
 n - a +0 trident
 v - a +2 short sword of freezing
Missiles
 l - 29 poisoned needles
 t - 27 bolts
Armour
 e - a scarf of resistance (worn)
 o - a +2 scale mail of magic resistance (worn)
 s - a +0 leather armour
 y - a cursed +0 shield
Jewellery
 i - a cursed ring of loudness (left hand)
Scrolls
 f - 2 scrolls of teleportation
 h - a scroll of noise {unknown}
 m - a scroll of fog {unknown}
 p - a scroll of identify {unknown}
 u - a scroll of immolation {unknown}
Potions
 j - a potion of might {unknown}
 q - a potion of lignification {unknown}
 r - a potion of invisibility {unknown}
 x - a potion of haste {unknown}
 z - a potion of magic {unknown}
Books
 k - a book of Battle

   Spells                             Type                      Level
   a - Infusion                       Charms                       1
   b - Shroud of Golubria             Charms/Translocation         2
   c - Song of Slaying                Charms                       2
   d - Spectral Weapon                Hexes/Charms                 3
   e - Regeneration                   Charms/Necromancy            3
Comestibles
 d - 3 rations
 w - 2 chunks of flesh


   Skills:
 + Level 5.2(4.6) Fighting
 + Level 2.5(1.9) Short Blades
 + Level 2.5(1.9) Long Blades
 + Level 2.5(1.9) Axes
 + Level 2.5(1.9) Maces & Flails
 + Level 5.2(4.6) Polearms
 + Level 2.5(1.9) Staves
 + Level 2.5(1.9) Slings
 + Level 2.5(1.9) Bows
 + Level 2.5(1.9) Crossbows
 + Level 2.5(1.9) Throwing
 + Level 3.6(3.0) Armour
 + Level 5.2(4.6) Dodging
 + Level 2.5(1.9) Stealth
 + Level 2.5(1.9) Shields
 + Level 2.5(1.9) Unarmed Combat
 + Level 5.6(5.0) Spellcasting
 + Level 2.0(1.5) Conjurations
 + Level 2.0(1.5) Hexes
 + Level 5.8(5.2) Charms
 + Level 2.0(1.5) Summonings
 + Level 2.0(1.5) Necromancy
 + Level 2.0(1.5) Translocations
 + Level 2.0(1.5) Transmutations
 + Level 2.0(1.5) Fire Magic
 + Level 2.0(1.5) Ice Magic
 + Level 2.0(1.5) Air Magic
 + Level 2.0(1.5) Earth Magic
 + Level 2.0(1.5) Poison Magic
 + Level 2.7(2.2) Invocations
 + Level 2.5(1.9) Evocations


You had 6 spell levels left.
You knew the following spells:

 Your Spells              Type           Power        Failure   Level  Hunger
a - Infusion              Chrm           ####         3%          1    None
g - Regeneration          Chrm/Necr      ###.......   22%         3    ##.....
l - Song of Slaying       Chrm           ####....     5%          2    None
t - Shroud of Golubria    Chrm/Tloc      ###.......   11%         2    None
x - Spectral Weapon       Hex/Chrm       ###.....     22%         3    ##.....


Dungeon Overview and Level Annotations

Branches:
Dungeon (6/15)
 Temple: D:4-7

Altars:
Cheibriados
Elyvilon

Shops:
D:4 }


Innate Abilities, Weirdness & Mutations

Your experience applies equally to all skills.
You have very sharp teeth.
Your uncanny sense of smell can sniff out nearby items.


Message History

* * * LOW HITPOINT WARNING * * *
The wight hits you but does no damage. The hound bites you but does no damage.
The wight misses you.
The orc priest calls down the wrath of Beogh upon you.
Pain shoots through your body!
* * * LOW HITPOINT WARNING * * *
The wight barely misses you.
Unknown command.
Unknown command.
Unknown command.
You hit the wight.
The wight convulses.
The wight is moderately damaged.
The hound bites you but does no damage. The wight closely misses you.
The wight hits you with an enchanted scimitar.
* * * LOW HITPOINT WARNING * * *
The orc wizard casts a spell.
The orc wizard blinks!
The hound misses you. The orc priest completely misses you.
The wight hits you from afar with a halberd!
You die...

........####### ..#
..............# ...
..............# #.#
..............# #.#
#............####.#
..............'...<#
.#...###{zz...####.#
.... ##zo..........
... #@h§..####.###
.. #.z...# #.. .
##..o.# ... #....#
.... #....# ....
#....# ##.## .#


You could see a hound, 4 wights, an orc priest and an orc wizard.

Vanquished Creatures
  Edmund (D:3)
  A phantom (D:4)
  A wight (D:6)
  A crimson imp (D:5)
  A hound (D:5)
  3 orc priests
  A bullfrog skeleton (D:2)
  3 orc wizards
  Jessica (D:2)
  Terence (D:2)
  An adder (D:2)
  A shadow imp (D:5)
  A worm (D:2)
  A leopard gecko (D:1)
  16 orcs
  A ball python (D:2)
  3 giant cockroaches
  4 goblins
  7 hobgoblins
  5 bats
  5 frilled lizards
  2 kobolds
  5 rats
66 creatures vanquished.

Vanquished Creatures (others)
  A spectral weapon (D:6)
1 creature vanquished.

Grand Total: 67 creatures vanquished

Notes
Turn   | Place    | Note
-------+----------+-------------------------------------------
     0 | D:1      | letownia2 the Gnoll Skald began the quest for the Orb.
     0 | D:1      | Reached XP level 1. HP: 20/20 MP: 6/6
    48 | D:2      | Found a snail-covered altar of Cheibriados.
    57 | D:2      | Became a worshipper of Cheibriados the Contemplative
    72 | D:2      | Reached XP level 2. HP: 26/26 MP: 4/7
   127 | D:2      | Reached XP level 3. HP: 29/31 MP: 5/9
   131 | D:2      | Learned a level 2 spell: Song of Slaying
   135 | D:2      | Learned a level 3 spell: Regeneration
   138 | D:2      | Learned a level 2 spell: Shroud of Golubria
   148 | D:2      | Reached skill level 5 in Spellcasting
   154 | D:2      | Learned a level 3 spell: Spectral Weapon
   168 | D:2      | Noticed Jessica
   192 | D:2      | Killed Jessica
   192 | D:2      | Reached skill level 1 in Short Blades
   192 | D:2      | Reached skill level 1 in Long Blades
   192 | D:2      | Reached skill level 1 in Axes
   192 | D:2      | Reached skill level 1 in Maces & Flails
   192 | D:2      | Reached skill level 1 in Staves
   192 | D:2      | Reached skill level 1 in Slings
   192 | D:2      | Reached skill level 1 in Bows
   192 | D:2      | Reached skill level 1 in Crossbows
   192 | D:2      | Reached skill level 1 in Throwing
   192 | D:2      | Reached skill level 1 in Stealth
   192 | D:2      | Reached skill level 1 in Shields
   192 | D:2      | Reached skill level 1 in Unarmed Combat
   192 | D:2      | Reached skill level 1 in Invocations
   192 | D:2      | Reached skill level 1 in Evocations
   228 | D:2      | Noticed Terence
   245 | D:2      | Reached * piety under Cheibriados
   245 | D:2      | Reached XP level 4. HP: 26/38 MP: 4/11
   397 | D:2      | Killed Terence
   397 | D:2      | Reached skill level 1 in Conjurations
   397 | D:2      | Reached skill level 1 in Hexes
   397 | D:2      | Reached skill level 1 in Summonings
   397 | D:2      | Reached skill level 1 in Necromancy
   397 | D:2      | Reached skill level 1 in Translocations
   397 | D:2      | Reached skill level 1 in Transmutations
   397 | D:2      | Reached skill level 1 in Fire Magic
   397 | D:2      | Reached skill level 1 in Ice Magic
   397 | D:2      | Reached skill level 1 in Air Magic
   397 | D:2      | Reached skill level 1 in Earth Magic
   397 | D:2      | Reached skill level 1 in Poison Magic
   447 | D:2      | Reached XP level 5. HP: 27/43 MP: 1/12
   502 | D:4      | Found Vagiz's Gadget Shoppe.
   515 | D:4      | Noticed Edmund
   516 | D:4      | Noticed a phantom
   557 | D:3      | Killed Edmund
   557 | D:3      | Reached XP level 6. HP: 9/50 MP: 1/13
   767 | D:4      | Reached ** piety under Cheibriados
   781 | D:4      | Killed a phantom
   781 | D:4      | Reached skill level 5 in Fighting
   781 | D:4      | Reached skill level 5 in Polearms
   781 | D:4      | Reached skill level 5 in Dodging
   818 | D:4      | Reached XP level 7. HP: 40/56 MP: 4/15
   832 | D:5      | Entered Level 5 of the Dungeon
   893 | D:5      | Found a white marble altar of Elyvilon.
  1028 | D:6      | HP: 1/56 [wight/enchanted scimitar (3)]
  1028 | D:6      | Mangled by a wight

Skill      XL: |  1  2  3  4  5  6  7 |
---------------+----------------------+-----
Spellcasting   | 5 |  5.6
Short Blades   | 1 2 |  2.5
Long Blades    | 1 2 |  2.5
Axes           | 1 2 |  2.5
Maces & Flails | 1 2 |  2.5
Staves         | 1 2 |  2.5
Slings         | 1 2 |  2.5
Bows           | 1 2 |  2.5
Crossbows      | 1 2 |  2.5
Throwing       | 1 2 |  2.5
Stealth        | 1 2 |  2.5
Shields        | 1 2 |  2.5
Unarmed Combat | 1 2 |  2.5
Invocations    | 1 2 |  2.7
Evocations     | 1 2 |  2.5
Conjurations   | 1 2 |  2.0
Hexes          | 1 2 |  2.0
Summonings     | 1 2 |  2.0
Necromancy     | 1 2 |  2.0
Translocations | 1 2 |  2.0
Transmutations | 1 2 |  2.0
Fire Magic     | 1 2 |  2.0
Ice Magic      | 1 2 |  2.0
Air Magic      | 1 2 |  2.0
Earth Magic    | 1 2 |  2.0
Poison Magic   | 1 2 |  2.0
Armour         | 3 |  3.6
Fighting       | 5 |  5.2
Polearms       | 5 |  5.2
Dodging        | 5 |  5.2
Charms         | |  5.8

Action                   |  1- 3 |  4- 6 |  7- 9 || total
-------------------------+-------+-------+-------++-------
Melee: Spear             |    76 |    63 |    57 ||   196
       Bite              |     5 |    15 |    10 ||    30
       Dire flail        |       |    56 |     5 ||    61
 Fire: Blowgun           |       |    40 |       ||    40
 Cast: Infusion          |     2 |       |       ||     2
       Shroud of Golubri |     3 |    10 |     3 ||    16
       Regeneration      |     1 |     7 |     1 ||     9
       Spectral Weapon   |     1 |     1 |     3 ||     5
       Song of Slaying   |       |     3 |     2 ||     5
  Use: Scroll            |       |     1 |     1 ||     2
 Stab: Sleeping          |     1 |       |       ||     1
       Distracted        |       |     1 |       ||     1
  Eat: Chunk             |       |       |     1 ||     1
Armor: Leather armour    |    12 |     5 |       ||    17
       Scale mail        |       |    63 |    29 ||    92
Dodge: Dodged            |    40 |   120 |    40 ||   200
